PL
BOSTON PATRIOTS @ CHICAGO GOLD SOX
08/31/2030
 
TOP OF THE 1ST
Boston Patriots batting - Pitching for Chicago Gold Sox : RHP Alberto Mendoza
Pitching: RHP Alberto Mendoza
Batting: RHB Terry Armstrong 0-0: Ball
1-0: Called Strike
1-1: Swinging Strike
1-2: Foul Ball, location: 2F
1-2: Foul Ball, location: 2F
1-2: Fly out, F4 (Line Drive, 4M)
Batting: RHB António Padilla 0-0: Foul Ball, location: 2F
0-1: Foul Ball, location: 2F
0-2: Foul Ball, location: 2F
0-2: Ground out 4-3 (Groundball, 4S)
Batting: RHB Francisco Agámez 0-0: Called Strike
0-1: Foul Ball, location: 2F
0-2: Ball
1-2: Strikes out swinging
Top of the 1st over - 0 runs, 0 hits, 0 errors, 0 left on base; Boston 0 - Chicago 0
BOTTOM OF THE 1ST
Chicago Gold Sox batting - Pitching for Boston Patriots : LHP Jesús Franco
Pitching: LHP Jesús Franco
Batting: LHB Stanley Belote 0-0: Foul Ball, location: 2F
0-1: Foul Ball, location: 2F
0-2: Ball
1-2: Ball
2-2: Foul Ball, location: 2F
2-2: SINGLE (Groundball, 4MD)
Batting: LHB Naohiro Sakai 0-0: Called Strike
0-1: Swinging Strike
0-2: Ball
1-2: Strikes out swinging
Batting: SHB Lupo Cotto 0-0: Ball
1-0: Grounds into double play, 6-4-3 (Groundball, 6)
Bottom of the 1st over - 0 runs, 1 hit, 0 errors, 0 left on base; Boston 0 - Chicago 0
TOP OF THE 2ND
Boston Patriots batting - Pitching for Chicago Gold Sox : RHP Alberto Mendoza
Batting: RHB Karl Schultz 0-0: Ball
1-0: Ball
2-0: Foul Ball, location: 2F
2-1: Ball
3-1: Called Strike
3-2: Ground out 6-3 (Groundball, 6)
Batting: LHB Jorge Alejándrez 0-0: Ground out 6-3 (Groundball, 6)
Batting: LHB José Marín 0-0: Ball
1-0: Ball
2-0: Swinging Strike
2-1: Foul Ball, location: 2F
2-2: Ball
3-2: Strikes out looking
Top of the 2nd over - 0 runs, 0 hits, 0 errors, 0 left on base; Boston 0 - Chicago 0
BOTTOM OF THE 2ND
Chicago Gold Sox batting - Pitching for Boston Patriots : LHP Jesús Franco
Batting: LHB Eddie Flynn 0-0: Called Strike
0-1: Called Strike
0-2: Ball
1-2: Foul Ball, location: 2F
1-2: Strikes out looking
Batting: RHB Hirohisa Ogasawara 0-0: Fly out, F5 (Line Drive, 5)
Batting: LHB Sergio Rodríguez 0-0: Called Strike
0-1: Ball
1-1: Foul Ball, location: 2F
1-2: Fly out, F7 (Flyball, 7D)
Bottom of the 2nd over - 0 runs, 0 hits, 0 errors, 0 left on base; Boston 0 - Chicago 0
TOP OF THE 3RD
Boston Patriots batting - Pitching for Chicago Gold Sox : RHP Alberto Mendoza
Batting: RHB Omer Yurtseven 0-0: Called Strike
0-1: Ball
1-1: Fly out, F8 (Flyball, 8RXD)
Batting: LHB Ramón Félix 0-0: Called Strike
0-1: Ball
1-1: Swinging Strike
1-2: Ball
2-2: Foul Ball, location: 2F
2-2: SINGLE (Flyball, 78S)
Batting: RHB Juan Tellado 0-0: Called Strike
0-1: Swinging Strike
0-2: Strikes out swinging
Batting: RHB Terry Armstrong 0-0: Swinging Strike
0-1: Ball
1-1: Swinging Strike
1-2: Ball
2-2: Strikes out swinging
Top of the 3rd over - 0 runs, 1 hit, 0 errors, 1 left on base; Boston 0 - Chicago 0
BOTTOM OF THE 3RD
Chicago Gold Sox batting - Pitching for Boston Patriots : LHP Jesús Franco
Batting: SHB Alex Mable 0-0: Called Strike
0-1: Ball
1-1: Foul Ball, location: 2F
1-2: Ball
2-2: Foul Ball, location: 2F
2-2: Foul Ball, location: 2F
2-2: Ground out 5-3 (Groundball, 56)
Batting: RHB Zeus Preckwinkle 0-0: Called Strike
0-1: Foul Ball, location: 2F
0-2: Fly out, F3 (Popup, 3)
Batting: LHB Arthur Ryan 0-0: Ball
1-0: Ball
2-0: Called Strike
2-1: Ball
3-1: Fly out, F8 (Flyball, 78D)
Bottom of the 3rd over - 0 runs, 0 hits, 0 errors, 0 left on base; Boston 0 - Chicago 0
TOP OF THE 4TH
Boston Patriots batting - Pitching for Chicago Gold Sox : RHP Alberto Mendoza
Batting: RHB António Padilla 0-0: Ball
1-0: Ball
2-0: Ball
3-0: Called Strike
3-1: Called Strike
3-2: Base on Balls
Batting: RHB Francisco Agámez 0-0: Ball
1-0: Swinging Strike
1-1: Foul Ball, location: 2F
1-2: SINGLE (Groundball, 56D)
António Padilla to second
Batting: RHB Karl Schultz 0-0: Grounds into double play, 4-6-3 (Groundball, 34)
António Padilla to third
Batting: LHB Jorge Alejándrez 0-0: Foul Ball, location: 2F
0-1: Fly out, F7 (Line Drive, 78S)
Top of the 4th over - 0 runs, 1 hit, 0 errors, 1 left on base; Boston 0 - Chicago 0
BOTTOM OF THE 4TH
Chicago Gold Sox batting - Pitching for Boston Patriots : LHP Jesús Franco
Batting: LHB Stanley Belote 0-0: Ball
1-0: Ball
2-0: Called Strike
2-1: Ground out U3 (Groundball, 3)
Batting: LHB Naohiro Sakai 0-0: Called Strike
0-1: Ball
1-1: Ball
2-1: Ground out 4-3 (Groundball, 4S)
Batting: SHB Lupo Cotto 0-0: Called Strike
0-1: Foul Ball, location: 2F
0-2: Foul Ball, location: 2F
0-2: Foul Ball, location: 2F
0-2: Ball
1-2: Strikes out swinging
Bottom of the 4th over - 0 runs, 0 hits, 0 errors, 0 left on base; Boston 0 - Chicago 0
TOP OF THE 5TH
Boston Patriots batting - Pitching for Chicago Gold Sox : RHP Alberto Mendoza
Batting: LHB José Marín 0-0: Fly out, F9 (Flyball, 9)
Batting: RHB Omer Yurtseven 0-0: Ball
1-0: Fly out, F9 (Flyball, 89M)
Batting: LHB Ramón Félix 0-0: Called Strike
0-1: Fly out, F9 (Flyball, 9S)
Top of the 5th over - 0 runs, 0 hits, 0 errors, 0 left on base; Boston 0 - Chicago 0
BOTTOM OF THE 5TH
Chicago Gold Sox batting - Pitching for Boston Patriots : LHP Jesús Franco
Batting: LHB Eddie Flynn 0-0: Ball
1-0: Ball
2-0: Called Strike
2-1: Ground out 4-3 (Groundball, 4)
Batting: RHB Hirohisa Ogasawara 0-0: Foul Ball, location: 2F
0-1: Fly out, F8 (Flyball, 8RS)
Batting: LHB Sergio Rodríguez 0-0: Fly out, F9 (Flyball, 9S)
Bottom of the 5th over - 0 runs, 0 hits, 0 errors, 0 left on base; Boston 0 - Chicago 0
TOP OF THE 6TH
Boston Patriots batting - Pitching for Chicago Gold Sox : RHP Alberto Mendoza
Batting: RHB Juan Tellado 0-0: Ball
1-0: Fly out, F9 (Line Drive, 9D)
Batting: RHB Terry Armstrong 0-0: Ball
1-0: Ball
2-0: Called Strike
2-1: Foul Ball, location: 2F
2-2: Ball
3-2: Foul Ball, location: 2F
3-2: Base on Balls
Batting: RHB António Padilla 0-0: Ball
1-0: Foul Ball, location: 2F
1-1: Foul Ball, location: 2F
1-2: Fly out, F7 (Flyball, 78D)
Batting: RHB Francisco Agámez 0-0: Ball
1-0: Fly out, F7 (Flyball, 7D)
Top of the 6th over - 0 runs, 0 hits, 0 errors, 1 left on base; Boston 0 - Chicago 0
BOTTOM OF THE 6TH
Chicago Gold Sox batting - Pitching for Boston Patriots : LHP Jesús Franco
Batting: SHB Alex Mable 0-0: Ball
1-0: Ball
2-0: Called Strike
2-1: Ball
3-1: Fly out, F7 (Line Drive, 7D)
Batting: RHB Zeus Preckwinkle 0-0: Swinging Strike
0-1: Ball
1-1: Ball
2-1: Foul Ball, location: 2F
2-2: Strikes out swinging
Batting: LHB Arthur Ryan 0-0: Fly out, F7 (Line Drive, 7)
Bottom of the 6th over - 0 runs, 0 hits, 0 errors, 0 left on base; Boston 0 - Chicago 0
TOP OF THE 7TH
Boston Patriots batting - Pitching for Chicago Gold Sox : RHP Alberto Mendoza
Batting: RHB Karl Schultz 0-0: Ball
1-0: Called Strike
1-1: Ball
2-1: Foul Ball, location: 2F
2-2: Ground out 1-3 (Groundball, 13S)
Batting: LHB Jorge Alejándrez 0-0: Ball
1-0: SINGLE (Line Drive, 34)
Batting: LHB José Marín 0-0: Foul Ball, location: 2F
0-1: Ball
1-1: Called Strike
1-2: Ball
2-2: Ball
Jorge Alejándrez steals 2nd base
3-2: Fly out, F9 (Line Drive, 9)
Batting: RHB Omer Yurtseven 0-0: Ball
1-0: Called Strike
1-1: Ball
2-1: Foul Ball, location: 2F
2-2: Ball
3-2: Strikes out looking
Top of the 7th over - 0 runs, 1 hit, 0 errors, 1 left on base; Boston 0 - Chicago 0
BOTTOM OF THE 7TH
Chicago Gold Sox batting - Pitching for Boston Patriots : LHP Jesús Franco
Batting: LHB Stanley Belote 0-0: Called Strike
0-1: Ground out 4-3 (Groundball, 4)
Batting: LHB Naohiro Sakai 0-0: SINGLE (Line Drive, 9S)
Batting: SHB Lupo Cotto 0-0: Ball
1-0: Ball
2-0: Fly out, F7 (Flyball, 7S)
Batting: LHB Eddie Flynn 0-0: Fly out, F8 (Flyball, 8RS)
Bottom of the 7th over - 0 runs, 1 hit, 0 errors, 1 left on base; Boston 0 - Chicago 0
TOP OF THE 8TH
Boston Patriots batting - Pitching for Chicago Gold Sox : RHP Alberto Mendoza
Batting: LHB Ramón Félix 0-0: Ball
1-0: Ground out 1-3 (Groundball, 13S)
Batting: RHB Juan Tellado 0-0: Ball
1-0: Foul Ball, location: 2F
1-1: Ball
2-1: SINGLE (Groundball, 6D)
Batting: RHB Terry Armstrong 0-0: Ground out 6-3 (Groundball, 6M)
Juan Tellado to second
Batting: RHB António Padilla 0-0: Ball
1-0: Ball
2-0: Ball
3-0: Called Strike
3-1: Foul Ball, location: 2F
3-2: Foul Ball, location: 2F
3-2: Foul Ball, location: 2F
3-2: Strikes out swinging
Top of the 8th over - 0 runs, 1 hit, 0 errors, 1 left on base; Boston 0 - Chicago 0
BOTTOM OF THE 8TH
Chicago Gold Sox batting - Pitching for Boston Patriots : LHP Jesús Franco
Batting: RHB Hirohisa Ogasawara 0-0: Called Strike
0-1: Called Strike
0-2: Foul Ball, location: 2F
0-2: Ball
1-2: Ball
2-2: Strikes out swinging
Batting: LHB Sergio Rodríguez 0-0: Ball
1-0: Ball
2-0: Foul Ball, location: 2F
2-1: Ball
3-1: Called Strike
3-2: Base on Balls
Pinch Hitting: RHB Manuel Guillama 0-0: Called Strike
0-1: Ball
1-1: Ball
2-1: Ball
3-1: Foul Ball, location: 2F
3-2: Foul Ball, location: 2F
3-2: Foul Ball, location: 2F
3-2: Strikes out swinging
Batting: RHB Zeus Preckwinkle 0-0: Ball
Sergio Rodríguez steals 2nd base
1-0: Called Strike
1-1: Foul Ball, location: 2F
1-2: Foul Ball, location: 2F
1-2: Foul Ball, location: 2F
1-2: Strikes out swinging
Bottom of the 8th over - 0 runs, 0 hits, 0 errors, 1 left on base; Boston 0 - Chicago 0
TOP OF THE 9TH
Boston Patriots batting - Pitching for Chicago Gold Sox : RHP Alberto Mendoza
Now at 3B: Ben Kennerly
Batting: RHB Francisco Agámez 0-0: Fly out, F8 (Line Drive, 8RM)
Batting: RHB Karl Schultz 0-0: Called Strike
0-1: Foul Ball, location: 2F
0-2: Ball
1-2: Ball
2-2: Fly out, F8 (Flyball, 89M)
Batting: LHB Jorge Alejándrez 0-0: Ball
1-0: Called Strike
1-1: Ball
2-1: Fly out, F5 (Popup, 5SF)
Top of the 9th over - 0 runs, 0 hits, 0 errors, 0 left on base; Boston 0 - Chicago 0
BOTTOM OF THE 9TH
Chicago Gold Sox batting - Pitching for Boston Patriots : LHP Jesús Franco
Batting: LHB Arthur Ryan 0-0: Ball
1-0: Swinging Strike
1-1: Ball
2-1: Called Strike
2-2: Strikes out swinging
Batting: LHB Stanley Belote 0-0: Ball
1-0: Foul Ball, location: 2F
1-1: Foul Ball, location: 2F
1-2: Fly out, F7 (Flyball, 7D)
Batting: LHB Naohiro Sakai 0-0: Called Strike
0-1: Ground out 4-3 (Groundball, 4M)
Bottom of the 9th over - 0 runs, 0 hits, 0 errors, 0 left on base; Boston 0 - Chicago 0
TOP OF THE 10TH
Boston Patriots batting - Pitching for Chicago Gold Sox : RHP Alberto Mendoza
Batting: LHB José Marín 0-0: Called Strike
0-1: Ball
1-1: Called Strike
1-2: Ground out 6-3 (Groundball, 6D)
Batting: RHB Omer Yurtseven 0-0: Foul Ball, location: 2F
0-1: Swinging Strike
0-2: Foul Ball, location: 2F
0-2: Ball
1-2: Ball
2-2: Foul Ball, location: 2F
2-2: Ground out 4-3 (Groundball, 4)
Batting: LHB Ramón Félix 0-0: Foul Ball, location: 2F
0-1: Foul Ball, location: 2F
0-2: Ball
1-2: Foul Ball, location: 2F
1-2: Ground out 5-3 (Groundball, 56)
Top of the 10th over - 0 runs, 0 hits, 0 errors, 0 left on base; Boston 0 - Chicago 0
BOTTOM OF THE 10TH
Chicago Gold Sox batting - Pitching for Boston Patriots : LHP Jesús Franco
Batting: SHB Lupo Cotto 0-0: Ball
1-0: Swinging Strike
1-1: Fly out, F8 (Flyball, 89M)
Pitching: LHP Eugene Clarkston
Batting: LHB Eddie Flynn 0-0: Called Strike
0-1: Foul Ball, location: 2F
0-2: Ball
1-2: Ball
2-2: Ball
3-2: Strikes out swinging
Batting: RHB Hirohisa Ogasawara 0-0: Hit by Pitch
Batting: LHB Sergio Rodríguez 0-0: SINGLE (Groundball, 25) (infield hit)
Hirohisa Ogasawara to second
Batting: RHB Ben Kennerly 0-0: Ball
1-0: Called Strike
1-1: Ball
2-1: Single, Error in OF, E7, batter to second base
Hirohisa Ogasawara scores
Sunday, March 18th, 2018 - OOTP Baseball 18.8 Build 76